AoeStats
← gjdelcam

Black Forest

510734675Analyzed
3v3 RM · 8h ago on Oct 2, 2026· 28m 56s· 6 players
Game mode
Random Map
Map size
Normal (6 player)
Population
200
Speed
Normal
Resources
Standard
Victory
Conquest
Starting age
Dark Age
Ending age
Imperial Age
RankedLock teamsTeams togetherTeam positionsShared explorationLock speedFull tech treeHidden civsTurbo modeCheats
Victory
Defeat
🇨🇱 Bohemians · Chile
970
+14
🇨🇱 Ethiopians · Chile
970
+14
🇨🇱 Japanese · Chile
884
+18
🇩🇪 Khitans · Germany
940
-16
🇹🇼 Franks · Taiwan
940
-16
🇵🇱 Khmer · Poland
887
-36
藥師佛
0:37 Loom
11:06 Feudal Age
12:15 Double-Bit Axe
12:27 Man-at-Arms
12:57 Arson
24:06 Castle Age
23:40 Gold Mining
23:43 Stone Mining
24:35 Fishing Lines
25:19 Bow Saw
25:48 Gold Shaft Mining
26:18 Long Swordsman
26:59 Squires
27:14 Forging
27:04 Scale Mail Armor
27:04 Treadmill Crane
28:07 Wheelbarrow
27:17 Town Watch
27:31 Gillnets
Hoodie Melo
0:31 Loom
10:43 Feudal Age
13:58 Domestication
14:09 Double-Bit Axe
18:32 Castle Age
20:25 Wheelbarrow
19:39 Town Watch
20:25 Bow Saw
20:55 Pastoralism
21:52 Stone Mining
23:10 Scale Mail Armor
23:20 Forging
23:08 Fletching
23:18 Padded Archer Armor
24:27 Squires
25:00 Husbandry
25:11 Bodkin Arrow
26:01 Hand Cart
25:25 Light Cavalry
26:58 Leather Archer Armor
28:46 Scale Barding Armor
libertex.kozina
0:46 Loom
14:35 Feudal Age
15:03 Double-Bit Axe
16:26 Man-at-Arms
17:47 Gold Mining
18:18 Horse Collar
19:48 Arson
24:07 Bloodlines
gjdelcam
10:49 Feudal Age
11:19 Double-Bit Axe
18:15 Castle Age
16:27 Horse Collar
16:58 Gold Mining
17:38 Fletching
19:38 Bow Saw
22:26 Padded Archer Armor
22:36 Crossbowman
24:16 Gold Shaft Mining
24:55 Ballistics
24:35 Bodkin Arrow
26:17 Leather Archer Armor
25:51 Loom
25:53 Town Watch
27:38 Caravan
MarcoAntonio
2:15 Loom
20:50 Feudal Age
22:22 Wheelbarrow
21:37 Fishing Lines
22:07 Horse Collar
22:17 Double-Bit Axe
22:37 Scale Mail Armor
24:16 Arson
23:51 Man-at-Arms
26:00 Gold Mining
26:01 Stone Mining
26:08 Stone Mining
30:16 Castle Age
CL.CKrugger
0:26 Loom
13:05 Feudal Age
14:34 Double-Bit Axe
20:50 Castle Age
22:31 Fletching
26:03 Forging
25:24 Pikeman
Connection lost

Rejoining the realm…

Still unreachable

The connection could not be restored.

Session expired

The server has moved on; the page needs a fresh start.